 Dungeon Crawl Stone Soup version 0.29-a0-297-g7659ce593d (webtiles) character file.

Game seed: 13810717782190734614

8761 kae the Arsonist (level 11, -3/67 HPs)
             Began as a Tengu Fire Elementalist on Mar 20, 2022.
             Was a Follower of Vehumet.
             Slain by Snorg (8 damage)
             ... on level 8 of the Dungeon.
             The game lasted 00:14:22 (16118 turns).

kae the Arsonist (Tengu Fire Elementalist)         Turns: 16118, Time: 00:14:23

Health: -3/67      AC: 10    Str:  8    XL:     11   Next: 35%
Magic:  27/31      EV: 17    Int: 20    God:    Vehumet [*.....]
Gold:   667        SH:  0    Dex: 15    Spells: 11/24 levels left

rFire   + . .      SeeInvis .   D - staff of fire
rCold   . . .      Faith    .   (no shield)
rNeg    . . .      Spirit   .   p - +0 steam dragon scales
rPois   .          Reflect  .   (helmet restricted)
rElec   .          Harm     .   (no cloak)
rCorr   .          Rampage  .   v - +0 pair of gloves
Will    .....                   (boots unavailable)
Stlth   ++........              j - amulet of regeneration
HPRegen 1.01/turn               o - ring of magical power
MPRegen 0.22/turn               A - +4 ring of protection

@: flying quickly and evasively, quick
A: beak, talons 3, nimble flight
a: Renounce Religion


You were on level 8 of the Dungeon.
You worshipped Vehumet.
Vehumet was aware of your devotion.
You visited 2 branches of the dungeon, and saw 12 of its levels.

You collected 667 gold pieces.

Inventory:

Hand Weapons
 f - a +2 spectral dagger
Missiles
 d - 3 throwing nets
Armour
 p - +0 steam dragon scales (worn)
 v - a +0 pair of gloves (worn)
Magical Staves
 D - a staff of fire (weapon)
Jewellery
 a - a ring of resist corrosion
 j - an amulet of regeneration (around neck)
 o - a ring of magical power (left hand)
 r - an amulet of faith
 y - a ring of positive energy
 A - a +4 ring of protection (right hand)
Wands
 s - a wand of acid (9)
 z - a wand of flame (9)
 B - a wand of polymorph (4)
Scrolls
 b - 3 scrolls of identify
 c - 3 scrolls of enchant armour
 h - 3 scrolls of noise
 m - 5 scrolls of amnesia
 n - 2 scrolls of immolation
 t - 2 scrolls of enchant weapon
 u - a scroll of silence
 x - a scroll of fog
Potions
 e - 3 potions of mutation
 g - 2 potions of attraction
 i - 4 potions of brilliance
 k - a potion of resistance
 l - 8 potions of curing
 q - 2 potions of magic
 w - 2 potions of heal wounds
 C - a potion of haste
 E - a potion of berserk rage


   Skills:
 + Level 7.3 Fighting
 + Level 5.0 Dodging
 - Level 2.0 Stealth
 + Level 7.1 Spellcasting
 + Level 9.8 Conjurations
 * Level 12.0 Fire Magic
 + Level 2.4 Evocations


You had 11 spell levels left.
You knew the following spells:

 Your Spells              Type           Power      Damage    Failure   Level
a - Foxfire               Conj/Fire      100%       2x1d9     1%          1
b - Scorch                Fire           100%       2d10      1%          2
c - Conjure Flame         Conj/Fire      67%        6-21      1%          3
d - Inner Flame           Hex/Fire       46%        N/A       2%          3
e - Flame Wave            Conj/Fire      67%        2d12      1%          4

Your spell library contained the following spells:

 Spells                   Type           Power      Damage    Failure   Level
 Magic Dart               Conj           100%       1d8       1%          1
 Animate Skeleton         Necr           14%        N/A       10%         1
 Apportation              Tloc           14%        N/A       10%         1
 Summon Small Mammal      Summ           28%        N/A       10%         1
 Corpse Rot               Necr/Air       14%        N/A       14%         2
 Poisonous Vapours        Pois/Air       14%        N/A       14%         2
 Gell's Gravitas          Tloc           7%         N/A       28%         3
 Lesser Beckoning         Tloc           7%         N/A       28%         3
 Teleport Other           Tloc           7%         N/A       28%         3
 Tukima's Dance           Hex            7%         N/A       28%         3
 Anguish                  Hex/Necr       3%         N/A       67%         4
 Passage of Golubria      Tloc           7%         N/A       67%         4
 Silence                  Hex/Air        3%         N/A       95%         5
 Enfeeble                 Hex            3%         N/A       100%        7
 Lehudib's Crystal Spear  Conj/Erth      13%        10d4      100%        8


Dungeon Overview and Level Annotations

Branches:
Dungeon (11/15)            Temple (1/1) D:7             Orc (0/2) D:9
   Lair: D:8-11

Altars:
Ashenzari
Cheibriados
Dithmenos
Elyvilon
Fedhas
Gozag
Hepliaklqana
Kikubaaqudgha
Makhleb
Nemelex Xobeh
Okawaru
Qazlal
Ru
Sif Muna
Trog
Uskayaw
Vehumet
Wu Jian
Xom
Yredelemnul
Zin
The Shining One

Annotations:
D:4 2 runed translucent doors, jmlagarto's ghost, novice GnTm
D:8 Snorg
D:10 Lodul


Innate Abilities, Weirdness & Mutations

You have a beak for a mouth.
You have claws for feet.
Your magical nature lets you fly swiftly and evasively.


Message History

Casting: Foxfire (safe; 1% risk of failure)
Confirm with . or Enter, or press ? or * to list all spells.
You feel a surge of power!
You conjure some foxfire!
Snorg shouts!
The foxfire hits the ogre but does no damage.
The ogre is severely wounded.
The foxfire hits the ogre.
The ogre is almost dead.
Casting: Foxfire (safe; 1% risk of failure)
Confirm with . or Enter, or press ? or * to list all spells.
You feel a surge of power!
Flames lash the ogre.
You kill the ogre!
Vehumet accepts your kill.
Your Dodging skill increases to level 5!
Snorg misses you. Snorg barely misses you. Snorg claws you!
There is a stone staircase leading up here.
Snorg closely misses you. Snorg claws you. Snorg claws you but does no damage.
You fly upwards.
There is a stone staircase leading down here.
Snorg goes berserk!
Okay, then.
Okay, then.
Casting: Scorch (safe; 1% risk of failure)
Confirm with . or Enter, or press ? or * to list all spells.
You feel a surge of power!
Flames lash Snorg.
Snorg is lightly wounded.
Snorg's fire resistance burns away.
Snorg closely misses you.
Snorg claws you but does no damage. x2; Snorg closely misses you.
Snorg misses you. Snorg claws you! Snorg misses you. x2; Snorg claws you!
Casting: Scorch (safe; 1% risk of failure)
Confirm with . or Enter, or press ? or * to list all spells.
You feel a surge of power!
Flames lash Snorg.
Snorg is burned terribly!
Snorg is lightly wounded.
Snorg bites you!! Snorg claws you!
* * * LOW HITPOINT WARNING * * *
Snorg claws you!
* * * LOW HITPOINT WARNING * * *
Snorg bites you!
You die...

##### #.... #.[). ##### #########
#.#.. #...# #.......# #######
#...###..[....# #......
#........[....#############.#####
................@T...>....#.#....
#........############.###.#.#.###
#........# #.....#.^..#.#
########## #.....#..###.# ......#
#.....#..###.# # ......#
#######.....#......# #
.....)######....##.....##.##### #
......()........##.....##.# #
.......)........'.........# #


You could see Snorg (berserk, combustible).

Vanquished Creatures
  A hydra (D:9)
  2 two-headed ogres (D:9)
  A manticore (D:8)
  A gargoyle (D:9)
  A kobold demonologist (D:9)
  A troll (D:9)
  A hornet (D:8)
  A wyvern (D:9)
  A wraith (D:5)
  A shadow (D:10)
  A steam dragon (D:6)
  2 acid dragons (D:9)
  An ice beast (D:6)
  2 water moccasins
  2 orc warriors
  4 black bears
  8 ogres
  A centaur (D:10)
  3 phantoms
  4 kobold brigands
  A necrophage (D:4)
  2 scorpions (D:4)
  4 bullfrogs
  A gnoll sergeant (D:9)
  28 killer bees
  A vampire bat (D:5)
  An electric eel (D:9)
  6 howler monkeys
  2 hounds (D:6)
  A gnoll shaman (D:7)
  5 orc priests
  A jelly (D:5)
  3 iguanas
  2 orc wizards
  16 gnolls
  5 adders
  A shadow imp (D:7)
  2 ufetubi (D:6)
  4 dart slugs
  3 fire bats (D:5)
  34 orcs
  2 spectral bats (D:5)
  3 bat skeletons (D:5)
  A bat zombie (D:5)
  14 endoplasms
  3 giant cockroaches
  11 goblins
  A hobgoblin (D:3)
  6 jackals (D:1)
  3 ball pythons
  14 bats
  A bat simulacrum (D:5)
  2 frilled lizards
  22 kobolds
  7 rats
252 creatures vanquished.

Vanquished Creatures (others)
  An unseen horror (D:10)
  A kobold (D:10)
  589 foxfires
  A plant (D:10)
592 creatures vanquished.

Grand Total: 844 creatures vanquished

Notes
Turn   | Place    | Note
-------+----------+-------------------------------------------
     0 | D:1      | kae the Tengu Fire Elementalist began the quest for the
                  | Orb.
     0 | D:1      | Reached XP level 1. HP: 10/10 MP: 4/4
   320 | D:1      | Found a faded altar of an unknown god.
   599 | D:1      | Reached XP level 2. HP: 13/16 MP: 3/6
  1256 | D:1      | Reached XP level 3. HP: 20/20 MP: 5/7
  1449 | D:1      | Reached skill level 1 in Fighting
  1521 | D:1      | Reached skill level 4 in Fire Magic
  2249 | D:2      | Reached XP level 4. HP: 25/25 MP: 6/8
  2711 | D:2      | Learned a level 2 spell: Scorch
  2822 | D:2      | Learned a level 3 spell: Conjure Flame
  3334 | D:3      | Gained mutation: Your magical nature lets you fly swiftly
                  | and evasively. [Tengu growth]
  3334 | D:3      | Reached XP level 5. HP: 30/30 MP: 7/10
  3338 | D:3      | Learned a level 3 spell: Inner Flame
  3827 | D:3      | Found a snail-covered altar of Cheibriados.
  4236 | D:3      | Found an opulent altar of Gozag.
  4425 | D:4      | Found a runed translucent door.
  4487 | D:4      | Noticed jmlagarto's ghost (novice GnTm)
  4499 | D:4      | Found a runed translucent door.
  4734 | D:3      | Reached skill level 5 in Fire Magic
  4738 | D:3      | Reached XP level 6. HP: 35/35 MP: 7/11
  5327 | D:4      | Reached XP level 7. HP: 27/40 MP: 5/13
  5485 | D:4      | Identified the +4 dagger of Gozag's Generosity {chaos, rC-
                  | Str+8}
  5584 | D:4      | Reached skill level 6 in Fire Magic
  6104 | D:4      | Reached skill level 5 in Conjurations
  6425 | D:5      | Entered Level 5 of the Dungeon
  6467 | D:5      | Reached skill level 7 in Fire Magic
  6467 | D:5      | Reached XP level 8. HP: 48/48 MP: 6/15
  6575 | D:5      | Learned a level 4 spell: Flame Wave
  6575 | D:5      | Noticed a wraith
  6601 | D:5      | Killed a wraith
  7712 | D:6      | Reached skill level 8 in Fire Magic
  7998 | D:6      | Found a hide-covered altar of Uskayaw.
  8057 | D:6      | Reached XP level 9. HP: 53/53 MP: 3/17
  8071 | D:6      | Reached skill level 5 in Spellcasting
  8274 | D:6      | Reached skill level 5 in Fighting
  8540 | D:6      | Reached skill level 9 in Fire Magic
  8786 | D:6      | Identified the +1 helmet "Zopicoem" {Will+ Str+9 Slay+2
                  | Stlth-}
  9415 | D:5      | Found a shimmering altar of Xom.
  9416 | D:5      | Found a shimmering altar of Xom.
  9495 | D:5      | Found a shimmering altar of Xom.
  9496 | D:5      | Found a shimmering altar of Xom.
 10545 | D:7      | Reached skill level 10 in Fire Magic
 10939 | D:7      | Reached XP level 10. HP: 26/60 MP: 16/19
 10947 | D:7      | HP: 3/60 [poisoned by a killer bee]
 10948 | D:7      | HP: 1/60 [poisoned by a killer bee]
 11104 | D:7      | Found a staircase to the Ecumenical Temple.
 11288 | Temple   | Entered the Ecumenical Temple
 11426 | Temple   | Became a worshipper of Vehumet
 11715 | D:8      | Noticed a manticore
 11890 | D:8      | Killed a manticore
 12108 | D:8      | You are sucked into a shaft and drop 3 floors!
 12169 | D:10     | Entered Level 10 of the Dungeon
 12381 | D:9      | Noticed Erolcha
 12395 | D:9      | Noticed a two-headed ogre
 12428 | D:9      | Killed a two-headed ogre
 12429 | D:9      | Reached skill level 11 in Fire Magic
 13156 | D:9      | Reached * piety under Vehumet
 13156 | D:9      | Offered knowledge of Magic Dart by Vehumet.
 13644 | D:8      | Found a bloodstained altar of Trog.
 14511 | D:9      | Found a staircase to the Orcish Mines.
 14528 | D:9      | Reached skill level 1 in Evocations
 14560 | D:9      | Reached XP level 11. HP: 67/67 MP: 22/22
 14877 | D:9      | Noticed Erolcha
 14877 | D:9      | Erolcha changed into Erolcha the howler monkey
 14878 | D:9      | Killed Erolcha the howler monkey
 14999 | D:10     | Noticed a two-headed ogre
 15006 | D:10     | Noticed a two-headed ogre
 15012 | D:9      | Killed a two-headed ogre
 15088 | D:10     | Noticed Lodul
 15088 | D:10     | Noticed a two-headed ogre
 15088 | D:10     | Noticed Snorg
 15088 | D:10     | Noticed a two-headed ogre
 15088 | D:10     | Noticed a two-headed ogre
 15153 | D:10     | Noticed a centaur warrior
 15261 | D:10     | Noticed a six-headed hydra
 15364 | D:9      | Killed a six-headed hydra
 15365 | D:9      | Reached skill level 12 in Fire Magic
 15484 | D:10     | Noticed a two-headed ogre
 16100 | D:9      | Reached skill level 5 in Dodging
 16118 | D:8      | Slain by Snorg

Illustrated notes

Levels and vault maps discovered:
D:1:      evilmike_arrival_plus, layout_loops_corners,
          ebering_ecumenical_altar_rust
D:2:      layout_rooms
D:3:      layout_basic, mainiacjoe_overflow_swirl, hangedman_decor_slide_cut
D:4:      layout_basic, ebering_ghost_sewer_f
D:5:      layout_loops_ring, xom_redecorated, serial_rivers,
          chequers_serial_rivers_micro_c, chequers_serial_rivers_small_a,
          chequers_serial_rivers_room_a, chequers_serial_rivers_room_a,
          chequers_serial_rivers_micro_b, chequers_serial_rivers_room_a,
          goddamned_bats
D:6:      layout_basic, mainiacjoe_overflow_24_doors
D:7:      layout_rooms, temple_green
D:8:      layout_basic, kennysheep_little_box
D:9:      layout_irregular_city, david_orc_3, minivault_27, hive_lemuel,
          uniq_erolcha
D:10:     cheibrodos_fzero, layout_cave_pools, david_lair_generic,
          uniq_josephine, uniq_lodul, uniq_snorg
D:11:     layout_basic, minmay_liquid_box, st_stairs_2
Temple:   minmay_crystal_spiral_temple

Skill      XL: |  1  2  3  4  5  6  7  8  9 10 11 |
---------------+----------------------------------+-----
Conjurations   | 2 3 4 5 6 8 9 |  9.8
Fighting       | 1 2 3 4 6 7 |  7.3
Fire Magic     | 4 5 7 8 10 11 12 | 12.0
Spellcasting   | 3 4 5 6 7 |  7.1
Dodging        | 4 5 |  5.0
Evocations     | 1 2 |  2.4
Stealth        | |  2.0

Action                   |  1- 3 |  4- 6 |  7- 9 | 10-12 || total
-------------------------+-------+-------+-------+-------++-------
Melee: Dagger            |    35 |     2 |    13 |     1 ||    51
       Unarmed           |     4 |       |       |       ||     4
       Kick              |     6 |       |     1 |     1 ||     8
       Peck              |     4 |       |     3 |       ||     7
 Cast: Foxfire           |    40 |   112 |   125 |    81 ||   358
       Scorch            |       |     9 |   118 |    97 ||   224
       Conjure Flame     |       |       |    10 |     5 ||    15
       Flame Wave        |       |       |     1 |       ||     1
       Inner Flame       |       |       |       |     1 ||     1
Evoke: Wand              |       |       |       |     5 ||     5
  Use: Scroll            |     4 |     5 |     5 |     4 ||    18
       Potion            |       |       |     5 |     1 ||     6
 Stab: Sleeping          |       |     1 |       |       ||     1
Armor: Robe              |     6 |     3 |    30 |       ||    39
       Steam dragon scal |       |       |    18 |    40 ||    58
Dodge: Dodged            |    34 |    25 |   229 |   163 ||   451

Table legend: (Time is in decaauts)
 A = Elapsed time spent in this place.
 B = Non-inter-level travel time spent in this place.
 C = Inter-level travel time spent in this place.
 D = Time resting spent in this place.
 E = Time spent auto-exploring this place.
 F = Levels seen in this place.
 G = Mean time per level.
                   A        B        C        D        E       F      G
               +--------+--------+--------+--------+--------+-----+--------+
         Total |  15461 |  14649 |    812 |   2771 |   9433 |  12 | 1288.4 |
       Dungeon |  15268 |  14533 |    735 |   2771 |   9332 |  11 | 1388.0 |
        Temple |    193 |    116 |     77 |      0 |    100 |   1 |  193.0 |
               +--------+--------+--------+--------+--------+-----+--------+

Top non-repeatable levels by time:
     D:9: 2638 daAuts
     D:1: 2217 daAuts
     D:5: 2007 daAuts
     D:6: 1805 daAuts
     D:4: 1711 daAuts
     D:8: 1408 daAuts
     D:3: 1332 daAuts
     D:2: 1020 daAuts
     D:7: 857 daAuts
    D:10: 213 daAuts
  Temple: 193 daAuts
    D:11: 55 daAuts
